 Dungeon Crawl Stone Soup version 0.22.1-2-g9c5b331383 (webtiles) character file.

4706 Jynx the Geomancer (level 10, 0/52 HPs)
             Began as a Gargoyle Earth Elementalist on Nov 15, 2018.
             Was a Follower of Ashenzari.
             Killed by the air
             ... invoked by Gastronok
              (37 damage)
             ... on level 8 of the Dungeon.
             The game lasted 00:15:57 (7271 turns).

Jynx the Geomancer (Gargoyle Earth Elementalist)    Turns: 7271, Time: 00:15:58

Health: 0/52       AC: 14    Str: 12    XL:     10   Next: 45%
Magic:  8/20       EV: 12    Int: 17    God:    Ashenzari [*.....]
Gold:   338        SH:  4    Dex: 12    Spells: 8/23 levels left

rFire    . . .     SeeInvis .   e - +0 short sword
rCold    . . .     Gourm    .   (no shield)
rNeg     + + .     Faith    .   B - +0 steam dragon scales
rPois    ∞         Spirit   .   (helmet restricted)
rElec    +         Reflect  .   o - +0 cloak
rCorr    .         Harm     .   s - +0 pair of gloves
MR       .....                  (no boots)
Stlth    ++........             j - amulet of regeneration
HPRegen  0.57/turn              y - ring of positive energy
MPRegen  0.17/turn              (no ring)

@: no status effects
A: horns 1, talons 1, large bone plates 1, negative energy resistance 1,
electricity resistance, unbreathing, petrification resistance, rot immunity, AC
+7
a: Curse Item, Scrying, Renounce Religion


You were on level 8 of the Dungeon.
You worshipped Ashenzari.
Ashenzari was aware of your devotion.
You were not hungry.

You visited 2 branches of the dungeon, and saw 9 of its levels.
You also visited: Sewer.

You collected 338 gold pieces.

Inventory:

Hand Weapons
 e - a +0 short sword (weapon)
Missiles
 b - 166 stones (quivered)
Armour
 o - a +0 cloak (worn)
 s - a +0 pair of gloves (worn)
 B - +0 steam dragon scales (worn)
Jewellery
 j - an amulet of regeneration (around neck)
 r - an uncursed ring of flight
 y - a ring of positive energy (left hand)
 C - an uncursed amulet of the gourmand
Wands
 t - a wand of flame (35)
Scrolls
 c - a scroll of remove curse
 f - 6 scrolls of teleportation
 g - 2 scrolls of identify
 k - a scroll of immolation {unknown}
 l - 2 scrolls of magic mapping
 n - a scroll of enchant armour {unknown}
 q - a scroll of enchant weapon {unknown}
 v - a scroll of blinking {unknown}
 A - a scroll of fear {unknown}
Potions
 a - 5 potions of brilliance
 h - 2 potions of degeneration {unknown}
 i - 5 potions of curing
 m - 4 potions of heal wounds
 p - 3 potions of haste
 u - a potion of berserk rage {unknown}
 w - a potion of might {unknown}
 x - a potion of flight {unknown}
Comestibles
 d - 14 rations
 z - 3 chunks of flesh


   Skills:
 - Level 1.1 Fighting
 + Level 6.4 Short Blades
 - Level 1.5 Dodging
 - Level 2.1 Stealth
 - Level 0.3 Unarmed Combat
 + Level 7.2 Spellcasting
 - Level 0.7 Transmutations
 * Level 12.8 Earth Magic


You had 8 spell levels left.
You knew the following spells:

 Your Spells              Type           Power        Failure   Level  Hunger
a - Sandblast             Erth           #####.       1%          1    None
b - Passwall              Tmut/Erth      ####....     1%          2    None
c - Stone Arrow           Conj/Erth      ####..       2%          3    ##.....
d - Petrify               Tmut/Erth      ####....     7%          4    ####...
e - Lee's Rapid Deconstr  Erth           #####.....   1%          5    #####..

Your spell library contained the following spells:

 Spells                   Type           Power        Failure   Level  Hunger
 Corona                   Hex            #......      12%         1    None
 Freeze                   Ice            #...         12%         1    None
 Ensorcelled Hibernation  Hex/Ice        #.....       17%         2    None
 Throw Frost              Conj/Ice       #.....       17%         2    None
 Confuse                  Hex            #.......     34%         3    ##.....
 Dazzling Spray           Conj/Hex       #.....       34%         3    ##.....
 Ozocubu's Armour         Chrm/Ice       #.......     34%         3    ##.....
 Tukima's Dance           Hex            #.......     34%         3    ##.....
 Summon Ice Beast         Ice/Summ       #.......     75%         4    ####...
 Throw Icicle             Conj/Ice       #.......     75%         4    ####...


Dungeon Overview and Level Annotations

Branches:
Dungeon (8/15)             Temple (1/1) D:7
   Lair: D:8-11

Altars:
Ashenzari
Kikubaaqudgha
Nemelex Xobeh
Okawaru
Trog

Annotations:
D:8 Gastronok


Innate Abilities, Weirdness & Mutations

You are resistant to torment.
Your stone body is resilient. (AC +7)
You are immune to poison.
You resist negative energy. (rN+)
You are resistant to electric shocks. (rElec)
You can survive without breathing.
You are immune to petrification.
You are immune to rotting.
You have a pair of small horns on your head.
You have sharp toenails.
You are partially covered in large bone plates. (SH +4)


Message History

Confirm with . or Enter, or press ? or * to list all spells.
Aiming: Sandblast (safe; 1% risk of failure)
Press: ? - help, Shift-Dir - straight line, f/p - Gastronok
Aim: Gastronok, wearing an embroidered hat (almost dead)
The blast of sand hits Gastronok.
Gastronok is almost dead.
b - 167 stones An adder skeleton comes into view.
Casting: Sandblast (safe; 1% risk of failure)
Confirm with . or Enter, or press ? or * to list all spells.
Aiming: Sandblast (safe; 1% risk of failure)
Press: ? - help, Shift-Dir - straight line, f/p - Gastronok
Aim: Gastronok, wearing an embroidered hat (almost dead)
The blast of sand hits Gastronok.
Gastronok is almost dead.
b - 166 stones Gastronok waves his eye-stalks in wide circles.
The air twists around and strikes you!
Ouch! That really hurt!
You die...

# .# ###.#
#####......
#.....#.#.#.##
#.....#...#..#
####.....##..#..#.
#@....##.##..#..#.
#w###.##.#........
#.# #.##.##...#.#.
... #.##.##.......
....##.......#>..#.
....Z#####.####<..#
...............#...#
..............#.#...#
#........##...##
##.##


You could see Gastronok and an adder skeleton.

Vanquished Creatures
  Harold (D:7)
  Joseph (D:7)
  Grinder (D:5)
  A hippogriff (D:3)
  A hungry ghost (D:7)
  3 steam dragons (D:7)
  Menkaure (D:7)
  A sky beast (D:5)
  An orc warrior (D:7)
  A phantom (D:4)
  A centaur (D:5)
  3 ogres
  A big kobold (Sewer)
  A bullfrog (D:8)
  A gnoll sergeant (D:7)
  A scorpion (D:3)
  12 killer bees
  6 howler monkeys
  2 crimson imps
  2 jellies (D:5)
  4 hounds
  2 orc wizards (D:3)
  A bullfrog skeleton (D:8)
  An orc priest (D:7)
  Jessica (D:3)
  An iguana (D:7)
  3 worker ants (D:6)
  2 hound zombies (D:5)
  A worker ant zombie (D:5)
  Robin (D:3)
  18 gnolls
  2 river rats (Sewer)
  17 adders
  3 shadow imps
  5 oozes
  An adder skeleton (D:3)
  5 worms
  2 dart slugs (D:1)
  3 leopard geckos
  21 orcs
  8 bats
  5 giant cockroaches
  14 goblins
  9 hobgoblins
  2 quokkas (D:7)
  2 ball pythons (Sewer)
  5 frilled lizards
  11 kobolds
  6 rats
198 creatures vanquished.

Notes
Turn   | Place    | Note
-------+----------+-------------------------------------------
     0 | D:1      | Jynx the Gargoyle Earth Elementalist began the quest for
                  | the Orb.
     0 | D:1      | Reached XP level 1. HP: 10/10 MP: 3/3
   205 | D:1      | Reached skill level 4 in Earth Magic
   239 | D:1      | Reached XP level 2. HP: 10/15 MP: 1/5
  1156 | D:2      | Reached XP level 3. HP: 16/19 MP: 6/6
  1317 | D:2      | Reached skill level 5 in Earth Magic
  1398 | D:2      | Reached XP level 4. HP: 24/24 MP: 2/7
  2245 | D:3      | Reached skill level 1 in Short Blades
  2349 | D:3      | Noticed a hippogriff
  2367 | D:3      | Killed a hippogriff
  2367 | D:3      | Reached skill level 1 in Fighting
  2367 | D:3      | Reached skill level 6 in Earth Magic
  2367 | D:3      | Reached XP level 5. HP: 18/29 MP: 0/10
  2367 | D:3      | Reached XP level 6. HP: 22/34 MP: 0/11
  2524 | D:3      | Noticed Robin
  2531 | D:3      | Killed Robin
  2775 | D:3      | Found a faded altar of an unknown god.
  3016 | D:3      | Noticed Jessica
  3018 | D:3      | Killed Jessica
  3018 | D:3      | Reached skill level 7 in Earth Magic
  3132 | D:3      | Found an ancient bone altar of Kikubaaqudgha.
  3162 | D:3      | Reached XP level 7. HP: 34/38 MP: 9/12
  3406 | D:3      | Learned a level 2 spell: Passwall
  3410 | D:3      | Learned a level 3 spell: Stone Arrow
  3983 | D:4      | Reached skill level 8 in Earth Magic
  4150 | D:4      | Found a sparkling altar of Nemelex Xobeh.
  4278 | D:4      | Found an iron altar of Okawaru.
  4278 | D:4      | Found a shattered altar of Ashenzari.
  4279 | D:4      | Found a bloodstained altar of Trog.
  4286 | D:4      | Became a worshipper of Ashenzari the Shackled
  4352 | D:4      | Gained mutation: You are weak. (Str -2) [potion of
                  | mutation]
  4352 | D:4      | Gained mutation: You are partially covered in large bone
                  | plates. (SH +4) [potion of mutation]
  4353 | D:4      | Lost mutation: You are weak. (Str -2) [potion of mutation]
  4353 | D:4      | Gained mutation: You have sharp toenails. [potion of
                  | mutation]
  4353 | D:4      | Gained mutation: You have a pair of small horns on your
                  | head. [potion of mutation]
  4372 | D:5      | Entered Level 5 of the Dungeon
  4394 | D:5      | Reached XP level 8. HP: 38/43 MP: 11/14
  4418 | D:5      | Noticed Grinder
  4430 | D:5      | Killed Grinder
  4430 | D:5      | Reached skill level 9 in Earth Magic
  4445 | D:5      | Learned a level 4 spell: Petrify
  4507 | D:5      | Reached skill level 5 in Spellcasting
  4864 | D:5      | Found a glowing drain.
  4885 | D:5      | Reached skill level 10 in Earth Magic
  4904 | Sewer    | Entered a sewer
  5025 | Sewer    | Reached XP level 9. HP: 41/47 MP: 17/17
  5614 | D:6      | Learned a level 5 spell: Lee's Rapid Deconstruction
  6068 | D:7      | Noticed Menkaure
  6166 | D:7      | Reached skill level 5 in Short Blades
  6175 | D:7      | Reached skill level 11 in Earth Magic
  6210 | D:7      | Noticed Joseph
  6218 | D:7      | Killed Joseph
  6340 | D:7      | Reached * piety under Ashenzari
  6470 | D:7      | Noticed Harold
  6471 | D:7      | Found a staircase to the Ecumenical Temple.
  6485 | D:7      | Killed Harold
  6485 | D:7      | Reached skill level 12 in Earth Magic
  6485 | D:7      | Reached XP level 10. HP: 52/52 MP: 12/20
  6968 | Temple   | Entered the Ecumenical Temple
  7170 | D:7      | Killed Menkaure
  7260 | D:8      | Noticed Gastronok
  7271 | D:8      | Killed from afar by Gastronok

Skill      XL: |  1  2  3  4  5  6  7  8  9 10 |
---------------+-------------------------------+-----
Earth Magic    | 4 5 6 7 8 10 12 | 12.8
Short Blades   | 1 2 3 4 6 |  6.4
Fighting       | 1 |  1.1
Spellcasting   | 3 4 5 6 7 |  7.2
Dodging        | |  1.5
Stealth        | |  2.1
Unarmed Combat | |  0.3
Transmutations | |  0.7

Action                   |  1- 3 |  4- 6 |  7- 9 | 10-12 || total
-------------------------+-------+-------+-------+-------++-------
Melee: Unarmed           |    14 |       |       |       ||    14
       Short sword       |    55 |   131 |   447 |    82 ||   715
       Headbutt          |       |       |    37 |    10 ||    47
       Kick              |       |       |    64 |    13 ||    77
 Cast: Sandblast         |    31 |    32 |    89 |    40 ||   192
       Lee's Rapid Decon |       |       |     1 |     2 ||     3
  Use: Scroll            |     2 |     2 |     5 |     1 ||    10
       Potion            |       |       |     2 |       ||     2
 Stab: Sleeping          |       |     6 |     5 |       ||    11
  Eat: Chunk             |     2 |     6 |    12 |     3 ||    23
Armor: Robe              |    30 |    39 |   153 |       ||   222
       Steam dragon scal |       |       |     6 |    50 ||    56
Dodge: Dodged            |    58 |    77 |   268 |    60 ||   463
Block: Other             |       |       |    60 |    26 ||    86
